 Dungeon Crawl Stone Soup version 0.21-a0-401-g0b6bec4 (webtiles) character file.

35 grizmgrazm2 the Insei (level 3, -1/26 HPs)
             Began as a Vampire Transmuter on Oct 21, 2017.
             Slain by a scorpion (2 damage)
             ... on level 2 of the Dungeon.
             The game lasted 00:03:57 (1765 turns).

grizmgrazm2 the Insei (Vampire Transmuter)          Turns: 1765, Time: 00:03:58

Health: -1/26      AC:  2    Str:  9    XL:     3   Next: 16%
Magic:  5/6        EV: 13    Int: 16    God:
Gold:   68         SH:  0    Dex: 14    Spells: 5/6 levels left

rFire    . . .     SeeInvis +   g - +0 short sword
rCold    . . .     Gourm    .   (no shield)
rNeg     + . .     Faith    .   b - +0 robe
rPois    .         Spirit   .   (no helmet)
rElec    .         Reflect  .   (no cloak)
rCorr    .         Harm     .   (no gloves)
MR       .....                  (no boots)
Stlth    ++........             (no amulet)
HPRegen  0.08/turn              i - ring of wizardry
MPRegen  0.10/turn              (no ring)

@: lethally poisoned (-1 -> -8), appendage (expiring), hasted, very quick
A: fangs 3, horns 2, see invisible, unbreathing
a: Bat Form, End Transformation


You were on level 2 of the Dungeon.
You were not thirsty.
You had grown temporary horns.
You visited 1 branch of the dungeon, and saw 2 of its levels.

You collected 68 gold pieces.

Inventory:

Hand Weapons
 g - a +0 short sword (weapon)
Missiles
 a - 22 arrows
Armour
 b - a +0 robe (worn)
Jewellery
 i - a ring of wizardry (left hand)
 j - a +4 amulet of reflection {unknown}
Scrolls
 e - 2 scrolls of identify {unknown}
 h - 2 scrolls of remove curse {unknown}
 l - a scroll of enchant armour {unknown}
Potions
 f - 4 potions of brilliance {unknown}
 k - 2 potions of haste
 m - 2 potions of mutation {unknown}
 n - a potion of cancellation {unknown}
Books
 c - a book of Changes

   Spells                             Type                      Level
   a - Beastly Appendage              Transmutation                1
   b - Sticks to Snakes               Transmutation                2
   c - Spider Form                    Transmutation/Poison         3
   d - Ice Form                       Ice/Transmutation            4
   e - Blade Hands                    Transmutation                5


   Skills:
 + Level 1.2 Fighting
 + Level 0.3 Short Blades
 + Level 2.4 Dodging
 + Level 1.0 Stealth
 + Level 3.9 Unarmed Combat
 + Level 2.2 Spellcasting
 + Level 2.3 Transmutations


You had 5 spell levels left.
You knew the following spells:

 Your Spells              Type           Power        Failure   Level  Hunger
a - Beastly Appendage     Tmut           #.....       3%          1    #......


Dungeon Overview and Level Annotations

Branches:
Dungeon (2/15)

Altars:


Innate Abilities, Weirdness & Mutations

You have razor-sharp teeth.
You have supernaturally acute eyesight. (SInv)
You can survive without breathing.
You have a pair of horns on your head.


Message History

Casting: Beastly Appendage
Confirm with . or Enter, or press ? or * to list all spells.
You grow a pair of large bovine horns.
The scorpion stings you!
Found a gold piece.
You completely miss the scorpion. Your headbutt misses the scorpion.
The scorpion stings you.
You are poisoned.
The scorpion poisons you!
You barely miss the scorpion.
You feel sick. The scorpion stings you!
* * * LOW HITPOINT WARNING * * *
You hit the scorpion but do no damage.
You bite the scorpion, but do no damage.
* * * LOW HITPOINT WARNING * * *
You feel sick. The scorpion stings you.
* * * LOW HITPOINT WARNING * * *
It was a potion of haste.
You feel yourself speed up.
Your transformation is almost over.
The scorpion stings you.
You die...

.#.#### .#.# $... .#.#
.... .#.# #.##... .#.#
..>...# .#.# #.#....
.#.# #.#.#.# #.#
#.#.#s# #.# #.#.#@# #.#
#.#.#.#######
#.#########.#.#........
#.............#...#####
#############.#.#.#
..........#.#
#######.#.#.# #.#.# #
#.#.#


You could see a scorpion.

Vanquished Creatures
  An ooze (D:1)
  A worm (D:2)
  A dart slug (D:1)
  2 ball pythons (D:1)
  4 bats (D:1)
  2 goblins (D:1)
  2 hobgoblins
  A jackal (D:1)
  2 frilled lizards (D:1)
  6 kobolds (D:1)
  6 rats
28 creatures vanquished.

Notes
Turn   | Place    | Note
-------+----------+-------------------------------------------
     0 | D:1      | grizmgrazm2 the Vampire Transmuter began the quest for the Orb.
     0 | D:1      | Reached XP level 1. HP: 14/14 MP: 3/3
   357 | D:1      | Reached XP level 2. HP: 18/20 MP: 3/5
   606 | D:1      | Reached skill level 1 in Fighting
  1272 | D:1      | Reached XP level 3. HP: 21/26 MP: 6/6
  1392 | D:2      | Reached skill level 1 in Stealth
  1755 | D:2      | Noticed a scorpion
  1764 | D:2      | HP: 1/26 [scorpion (1)]
  1765 | D:2      | Slain by a scorpion

Vault maps used:
D:1:      dpeg_arrival_brainrot
D:2:      grunt_ministairs_4

Skill      XL: |  1  2  3 |
---------------+----------+-----
Fighting       | 1 |  1.2
Stealth        | 1 |  1.0
Short Blades   | |  0.3
Dodging        | |  2.4
Unarmed Combat | |  3.9
Spellcasting   | |  2.2
Transmutations | |  2.3

Action                   || total
-------------------------++-------
Melee: Short sword       ||   102
       Unarmed           ||     5
       Bite              ||    14
       Headbutt          ||     7
       Kick              ||     3
       Punch             ||     1
 Cast: Beastly Appendage ||    16
  Use: Potion            ||     4
 Stab: Sleeping          ||     2
Armor: Robe              ||    19
Dodge: Dodged            ||    85

Table legend:
 A = Spawn XP
 B = Non-spawn XP
 C = Spawn XP percentage of total XP
 D = Spawn monster count
 E = Non-spawn monster count
 F = Spawn count percentage of total count
 G = Total turns spent on level
                    A         B        C        D         E        F      G
               +---------+---------+-------+---------+---------+-------+---------
         Total |       0 |      50 |   0.0 |       0 |      28 |   0.0 |  1765
               +---------+---------+-------+---------+---------+-------+---------
           D:1 |       0 |      42 |   0.0 |       0 |      25 |   0.0 |  1365
           D:2 |       0 |       8 |   0.0 |       0 |       3 |   0.0 |   400
               +---------+---------+-------+---------+---------+-------+---------
